 Dungeon Crawl Stone Soup version 0.19.5 (webtiles) character file.

128 Azzok the Archer (level 4, -2/36 HPs)
             Began as a Centaur Hunter on May 27, 2017.
             Killed from afar by Sigmund (7 damage)
             ... with a magic dart
             ... on level 3 of the Dungeon.
             The game lasted 00:05:59 (3659 turns).

Azzok the Archer (Centaur Hunter)                   Turns: 3659, Time: 00:06:00

Health: -2/36      AC:  7    Str: 16    XL:     4   Next: 86%
Magic:  4/4        EV:  4    Int: 10    God:
Gold:   183        SH:  0    Dex:  9    Spells: 0 memorised, 3 levels left

rFire  . . .     SeeInvis .     d - +0 long sword
rCold  . . .     Gourm    .     m - +0 chain mail
rNeg   . . .     Faith    .     (no shield)
rPois  .         Spirit   .     (no helmet)
rElec  .         Reflect  .     (no cloak)
rCorr  +         Harm     .     (no gloves)
MR     .....                    (no barding)
Stlth  ..........               (no amulet)
                                (no ring)
                                v - ring of resist corrosion

@: very quick
A: hooves 3, deformed body, speed 2, tough skin 3
a: no special abilities


You were on level 3 of the Dungeon.
You were not hungry.

You visited 1 branch of the dungeon, and saw 3 of its levels.

You collected 183 gold pieces.

Inventory:

Hand Weapons
 a - a +1 shortbow
 b - a +0 short sword
 d - a +0 long sword (weapon)
Armour
 m - a +0 chain mail (worn)
Jewellery
 p - an uncursed ring of ice
 v - a ring of resist corrosion (left hand)
Scrolls
 g - 2 scrolls of blinking {unknown}
 h - a scroll of teleportation {unknown}
 j - 3 scrolls of fog {unknown}
 k - 2 scrolls of identify {unknown}
 s - a scroll of amnesia {unknown}
 u - a scroll of remove curse {unknown}
Potions
 e - 3 potions of curing {unknown}
 i - 3 potions of resistance
 l - a potion of magic {unknown}
 o - a potion of heal wounds {unknown}
 r - 3 potions of lignification {unknown}
 t - a potion of brilliance {unknown}
Comestibles
 c - 3 chunks of flesh {@w0}
 f - 3 bread rations {@e1}
 n - a meat ration {@e2}


   Skills:
 - Level 2.0 Fighting
 * Level 8.2 Bows
 - Level 1.3 Dodging
 - Level 0.4 Stealth


You had 3 spell levels left.
You didn't know any spells.

Dungeon Overview and Level Annotations

Branches:
Dungeon (3/15)

Altars:
Yredelemnul

Annotations:
D:3 Sigmund


Innate Abilities, Weirdness & Mutations

You have hooves in place of feet.
Armour fits poorly on your strangely shaped body.
You cover ground very quickly.
You have extremely tough skin. (AC +3)


Message History

Sigmund hits you with a scythe.
* * * LOW HITPOINT WARNING * * *
You take 1 damage, and have 5/36 hp.
You hit Sigmund. Your kick misses Sigmund.
Sigmund is severely wounded.
Sigmund barely misses you.
You closely miss Sigmund. Your kick misses Sigmund.
Sigmund is severely wounded.
Sigmund casts a spell at you. You resist with some effort.
You hit Sigmund. Your kick misses Sigmund.
Sigmund is almost dead.
Sigmund hits you with a scythe.
* * * LOW HITPOINT WARNING * * *
You take 1 damage, and have 5/36 hp.
Your chain mail prevents you from hitting Sigmund.
Sigmund is almost dead.
Sigmund casts a spell at you. The magic dart hits you!
You die...

▒▒▒▒▒▒▒▒▒ ▒······@
▒······ ▒····· ▒····
▒▒▒ ▒·▒·▒ ▒<▒▒ ▒·▒·▒
▒··▒▒▒▒ ▒·▒@▒
▒▒····▒▒▒·▒@▒
▒▒·········▒▒
▒▒········÷··▒▒
▒·········▒···▒
▒)········▒·▒··▒
▒··÷······▒····▒
▒·········▒······
▒····················▒
··
▒▒·······▒···········
·


You could see Sigmund.

Vanquished Creatures
  Jessica (D:2)
  3 adders
  An ooze (D:1)
  A worm (D:2)
  A dart slug (D:1)
  A leopard gecko (D:2)
  6 orcs (D:3)
  3 giant cockroaches
  8 goblins
  8 hobgoblins
  2 quokkas
  3 ball pythons
  7 bats
  5 frilled lizards
  3 kobolds
  5 rats
58 creatures vanquished.

Notes
Turn   | Place    | Note
-------+----------+-------------------------------------------
     0 | D:1      | Azzok the Centaur Hunter began the quest for the Orb.
     0 | D:1      | Reached XP level 1. HP: 17/17 MP: 1/1
   750 | D:1      | Reached XP level 2. HP: 16/24 MP: 2/2
   885 | D:1      | Reached skill level 6 in Bows
  1355 | D:2      | Reached XP level 3. HP: 27/29 MP: 3/3
  1582 | D:2      | Noticed Jessica
  1598 | D:2      | Killed Jessica
  1598 | D:2      | Reached skill level 7 in Bows
  1609 | D:2      | Reached XP level 4. HP: 36/36 MP: 4/4
  2725 | D:3      | Reached skill level 8 in Bows
  2947 | D:3      | Found a basalt altar of Yredelemnul.
  2984 | D:3      | Noticed a phantom
  3637 | D:3      | Noticed Sigmund
  3659 | D:3      | Killed from afar by Sigmund

Skill      XL: |  1  2  3  4 |
---------------+-------------+-----
Bows           | 6 7 8 |  8.2
Fighting       | |  2.0
Dodging        | |  1.3
Stealth        | |  0.4

Action                   |  1- 3 |  4- 6 || total
-------------------------+-------+-------++-------
Melee: Short sword       |   104 |   142 ||   246
       Kick              |    16 |    34 ||    50
       Long sword        |       |    41 ||    41
 Fire: Shortbow          |     2 |    20 ||    22
  Eat: Chunk             |     2 |     5 ||     7
       Pizza             |       |     1 ||     1
Armor: Leather armour    |    40 |     7 ||    47
       Chain mail        |       |    82 ||    82
Dodge: Dodged            |    54 |    60 ||   114
       Rpst.: Long sword |       |     3 ||     3
